Unix NetHack Version 5.0.0-0 post-release - last build May 22 2026 02:22:16 (99d1c3b6dc4b13757aaa5824b55bdea4e1e63757,branch:main).

Game began 2026-05-21 14:03:07, ended 2026-05-22 13:55:49.

Fletchius, lawful male dwarven Archeologist

                    *  ---          ----  -----
     ----              |..|        --..|  |...----                          *
     |..----           |..--  .-  --...-- -......--
     --....------     --...|  ..---.....--.|......|
      |..-......--  ---...--   -...........|.....--  ----              )
    * --...---...|  |...|.|    -...........|-.."--  --..---
   $   ---.| ---.|  |.--|.|   ..---@......- |-..|   |.....--
         |.--  |.-- |.| |.|   ..  |.L....&--|...|  ---.....--
         |..-- |..---.| |.|  :   --........|--..----........--
         |...| --...(.| |.|      |.........---.^..|.....).?..|
         |..-|  ----..| |.|     ##...+##...%|.(.?.....[..--`--
        --...-     ---- |.------##...###..............)..|---
    ----|..)..| $       |...............................--
    |..---...--         |..(..---#####-##........--....--
----|....---..------    |......|...... ..........----..|              *
|..---....--.......--   |..........##     #......   ----
|.......^...........|   --...---..##       ....                         )
---------.......<--.|    --.-- |..|     $      )                          =
        ---.--.--- --     ---  --#           (
          ------
Fletchius the Investigator  St:14 Dx:15 Co:14 In:16 Wi:14 Ch:10  Lawful
Dlvl:8  $:896 HP:0(67) Pw:18(28) AC:-2 Xp:8/1524 T:6020  Hallu

Latest messages:
 Autopickup: OFF.
 Are you waiting to get hit?  Use 'm' prefix to force a no-op (to rest).
 Are you waiting to get hit?  Use 'm' prefix to force a no-op (to rest).
 Are you waiting to get hit?  Use 'm' prefix to force a no-op (to rest).
 Are you waiting to get hit?  Use 'm' prefix to force a no-op (to rest).
 Are you waiting to get hit?  Use 'm' prefix to force a no-op (to rest).
 Are you waiting to get hit?  Use 'm' prefix to force a no-op (to rest).
 Are you waiting to get hit?  Use 'm' prefix to force a no-op (to rest).
 Are you waiting to get hit?  Use 'm' prefix to force a no-op (to rest).
 Are you waiting to get hit?  Use 'm' prefix to force a no-op (to rest).
 The black naga hatchling hits King Kong.
 The tengu hits the zruty.
 The orc zombie knocks the black naga hatchling backward with a powerful blow!
 The fox hits the dust vortex.
 The bugbear is killed!
 The toothsayer hits the hezrou.
 The manes bites the gelatinous cube.
 The barbed devil misses the giant zombie.
 The owlpug hits the wandering eye.
 The elwedritsche is killed!
 Your Mordor orc eats a garter snake corpse.
 The giant beetle hits the incubus.
 The floating eye hits the iron golem.
 The COBOL hits the winged gargoyle.
 You hit the quasit!
 The Uruk-hai gets angry!
 The velociraptor turns to flee.
 The xorn turns to flee.
 The quasit hits!
 The baby caricature hits again!
 You miss the iron golem.
 The stain vortex misses!
 The Elvenking hits!
 The zruty knocks you backward with a forceful strike!
 You shock the chameleon!
 You fail to cast the spell correctly.
 The orc mummy hits!
 The lounge worm misses!
 You hit the winter wolf!
 The titanothere hits!
 The chess pawn hits again!
 You destroy the storm giant!
 Are you waiting to get hit?  Use 'm' prefix to force a no-op (to rest).
 The baby crocodile bites!
 You hit the baby gray dragon!
 The flush golem bites!
 You miss the golden naga hatchling.
 The yellow light bites!
 You die...
 Do you want your possessions identified? [ynq] (y) q

Inventory:
 Coins    ('$')
  $ - 896 gold pieces
 Amulets  ('"')
  K - an uncursed amulet of ESP (being worn)
 Weapons  (')')
  a - a +2 bullwhip (alternate weapon; not wielded)
  S - the +1 Werebane (weapon in right hand)
 Armor    ('[')
  I - an uncursed +0 orcish helm (being worn)
  m - a cursed -2 pair of levitation boots
  k - an uncursed fireproof +0 robe (being worn)
  j - a blessed +1 elven mithril-coat (being worn)
 Comestibles  ('%')
  d - an uncursed food ration
  n - an uncursed lembas wafer
 Spellbooks  ('+')
  A - an uncursed spellbook of chain lightning
  B - an uncursed spellbook of force bolt
 Potions  ('!')
  N - an uncursed potion of monster detection
  t - an uncursed potion of sleeping
  C - a potion of holy water
 Rings    ('=')
  p - an uncursed ring of slow digestion
  G - an uncursed ring of teleport control
 Wands    ('/')
  M - a wand of lightning (0:4)
  D - a wand of speed monster (0:1)
 Tools    ('(')
  Z - an empty uncursed bag of holding
  h - an uncursed sack containing 1 item
  l - a bag of tricks (0:20)
  Q - a magic flute (0:6)
  J - an uncursed credit card
  e - an uncursed lock pick
  i - a magic marker (0:19)
  W - an uncursed oil lamp (lit)
 Gems/Stones  ('*')
  Y - an uncursed fluorite stone
  g - an uncursed touchstone

Contents of the sack:
  a +0 pick-axe

Fletchius the Archeologist's attributes:

Background:
 You were an Investigator, a level 8 male dwarven Archeologist.
 You were lawful, on a mission for Quetzalcoatl
 who was opposed by Camaxtli (neutral) and Huhetotl (chaotic).
 You were right-handed.
 You were in the Gnomish Mines, on level 8.
 You entered the dungeon 6020 turns ago.
 You had 1524 experience points, 1036 more were needed to attain level 9.

Basics:
 You had 0 out of 67 hit points.
 You had 18 out of 28 energy points (spell power).
 Your armor class was -2.
 Your wallet contained 896 Hong Kong Luna Dollars.
 Autopickup was off.

Final Characteristics:
 Your strength was 14 (limit:18/100).
 Your dexterity was 15 (limit:20).
 Your constitution was 14 (peak:15, limit:20).
 Your intelligence was 16 (limit:16).
 Your wisdom was 14 (limit:16).
 Your charisma was 10 (limit:16).

Final Status:
 You were hallucinating.
 You weren't hungry.
 You were unencumbered.
 You were wielding a saber.
 You had basic skill with saber.

Final Attributes:
 You were piously aligned.
 You were telepathic.
 You had automatic searching.
 You had infravision.
 You were stealthy.
 You had a small defense bonus (+3).
 You were guarded.
 Your spell casting was impaired by metallic armor, mitigated by your robe.
 You were lucky.
 You are dead (2nd time!).

Miscellaneous:
 You didn't encounter any bones levels.
 Total elapsed playing time was 2 hours, 34 minutes and 13 seconds.

Major events:
 Turn
    1: Fletchius the lawful male dwarven Archeologist entered the dungeon
  870: attained the rank of Field Worker (level 3)
 1584: entered the Gnomish Mines
 1628: attained the rank of Investigator (level 6)
 2260: reached Mine Town
 4791: was bestowed with Werebane by Quetzalcoatl
 5821: averted death (killed by a Woodland-elf)
 6020: killed by a hallucinogen-distorted warg

Spells:
 Name                 Level Category     Fail Retention
 chain lightning        2   attack        71%   71%-80%
 force bolt             1   attack        71%   71%-80%

Skills:
 Fighting Skills
   bare handed combat [Unskilled]
   two weapon combat  [Unskilled]
   riding             [Unskilled]
 Weapon Skills
   dagger             [Unskilled]
   knife              [Unskilled]
   pick-axe           [Skilled]
   short sword        [Unskilled]
   saber              [Basic]
   club               [Unskilled]
   quarterstaff       [Unskilled]
   sling              [Unskilled]
   dart               [Unskilled]
   boomerang          [Unskilled]
   whip               [Basic]
   unicorn horn       [Unskilled]
 Spellcasting Skills
   attack spells      [Basic]
   healing spells     [Unskilled]
   divination spells  [Unskilled]
   matter spells      [Unskilled]

Voluntary challenges:
 Character rerolling was not enabled.
 You never genocided any monsters.
 You never polymorphed an object.
 You used no wishes.
Achievements:
 You attained the rank of Field Worker.
 You entered a shop.
 You entered the Gnomish Mines.
 You attained the rank of Investigator.
 You entered Minetown.
 You entered a temple.

 The Dungeons of Doom: levels 1 to 4
    Level 1:
    Level 2:
       Some fountains.
    Level 3:
       A general store.
       Stairs down to The Gnomish Mines.
    Level 4:
 The Gnomish Mines: levels 4 to 8
    Level 4:
    Level 5:
    Level 6:
       Many shops, a temple and an altar to Quetzalcoatl, some fountains.
    Level 7:
    Level 8: <- You were here.
       Final resting place for
          you, killed by a hallucinogen-distorted warg.


Vanquished creatures:
  a baby black dragon
  a small mimic
 an ettin mummy
  2 wolves
  a giant spider
  a dwarf mummy
  a lizard
  a dust vortex
  a gnome mummy
  4 apes
  3 Woodland-elves
  a bugbear
  a wood nymph
 13 fog clouds
  3 yellow lights
  2 shriekers
 an elf zombie
  a little dog
  a floating eye
  2 homunculi
  a rabid rat
  2 centipedes
  a giant bat
  a monkey
  4 orc zombies
  a wererat
  4 iguanas
 14 killer bees
 an acid blob
  a coyote
  2 gas spores
  a hobbit
  3 large kobolds
  a hobgoblin
  4 giant rats
  6 cave spiders
  8 gnomes
  9 garter snakes
  a gnome zombie
  2 geckos
 11 jackals
  2 kobolds
  a goblin
  5 sewer rats
  4 grid bugs
  4 lichens
  2 kobold zombies
  4 newts
142 creatures vanquished.

No species were genocided or became extinct.

Game over:
                       ----------
                      /          \
                     /    REST    \
                    /      IN      \
                   /     PEACE      \
                  /                  \
                  |    Fletchius     |
                  |      896 Au      |
                  |   killed by a    |
                  | hallucinogen-dis |
                  |   torted warg    |
                  |                  |
                  |       2026       |
                 *|     *  *  *      | *
        _________)/\\_//(\/(/\)/\//\/|_)_______

Goodbye Fletchius the Archeologist...

You died in The Gnomish Mines on dungeon level 8 with 7283 points,
and 896 pieces of gold, after 6020 moves.
You were level 8 with a maximum of 67 hit points when you died.

